 Dungeon Crawl Stone Soup version 0.12.2-34-gf45b194 (webtiles) character file.

192 Sachiko the Ruffian (level 4, -7/38 HPs)
             Began as a Naga Transmuter on Sept 9, 2013.
             Killed by divine providence
             ... invoked by an orc priest
              (13 damage)
             ... on Level 3 of the Dungeon.
             The game lasted 00:08:36 (1724 turns).

Sachiko the Ruffian (Naga Transmuter)               Turns: 1724, Time: 00:08:36

HP  -7/38        AC  7     Str 13      XL: 4   Next: 28%
MP   5/6         EV  8     Int 13      God:
Gold 118         SH  0     Dex 12      Spells:  1 memorised,  6 levels left

Res.Fire  : . . .   See Invis. : +     - Unarmed
Res.Cold  : . . .   Warding    : .   c - +0 robe
Life Prot.: . . .   Conserve   : .   (no shield)
Res.Poison: +       Res.Corr.  : .   (helmet restricted)
Res.Elec. : .       Clarity    : .   m - +0 cloak
Sust.Abil.: . .     Spirit.Shd : .   (no gloves)
Res.Mut.  : .       Stasis     : +   g - +0 naga barding
Res.Rott. : .       Ctrl.Telep.: .   i - amulet of stasis {unknown}
Saprovore : . . .   Flight     : .   (no ring)
                                     (no ring)

@: appendage (expiring), short of breath, very slow, slightly resistant to
hostile enchantments, fairly stealthy
A: spit poison, horns 2, see invisible, deformed body, poison resistance,
slowness 2, AC +1
a: Spit Poison, End Transformation


You were on level 3 of the Dungeon.
You were not hungry.
You had grown temporary horns.
You visited 1 branch of the dungeon, and saw 3 of its levels.

You collected 98 gold pieces.

Inventory:

Missiles
 b - 12 arrows
Armour
 c - a +0 robe (worn)
 g - a +0 naga barding (worn)
 m - a +0 cloak (worn)
Comestibles
 a - 2 bread rations
 l - 2 chokos
Scrolls
 f - 2 scrolls of random uselessness
 j - a scroll of fog
Jewellery
 i - an amulet of stasis (around neck) {unknown}
Potions
 e - a potion of heal wounds {unknown}
 h - a potion of flight {unknown}
 k - a potion of agility {unknown}
Books
 d - a book of Changes

   Spells                             Type                      Level
   *Beastly Appendage                 Transmutation                1
   Sticks to Snakes                   Transmutation                2
   Spider Form                        Transmutation/Poison         3
   Ice Form                           Ice/Transmutation            4
   Blade Hands                        Transmutation                5


   Skills:
 - Level 1.0 Fighting
 + Level 2.4 Dodging
 + Level 1.6 Stealth
 + Level 3.9 Unarmed Combat
 - Level 2.0 Spellcasting
 + Level 2.4 Transmutations


You had 6 spell levels left.
You knew the following spells:

 Your Spells              Type           Power        Failure   Level  Hunger
a - Beastly Appendage     Trmt           ##.....      12%         1    ##.....


Dungeon Overview and Level Annotations

Branches:
Dungeon (3/27)

Altars:
Nemelex Xobeh


Innate Abilities, Weirdness & Mutations

You cannot wear boots.
You can spit poison.
Your serpentine skin is tough (AC +1).
You have supernaturally acute eyesight.
Armour fits poorly on your strangely shaped body.
Your system is resistant to poisons.
You cover ground very slowly.
You have a pair of horns on your head.


Message History

The orc priest hits you with an orcish dagger of pain.
The orc hits you with an orcish mace.
* * * LOW HITPOINT WARNING * * *
You hit the orc.
The orc is severely wounded.
The orc hits you but does no damage.
Use which ability? (? or * to list)
Press: ? - help, Shift-Dir - straight line, f - orc
Aim: an orc, wielding an orcish mace (severely wounded)
The splash of poison hits the orc.
You kill the orc!
You feel slightly more hungry.
Your transformation is almost over.
The orc priest hits you with an orcish dagger of pain.
* * * LOW HITPOINT WARNING * * *
You hit the orc priest.
The orc priest is lightly wounded.
The orc priest calls down the wrath of Beogh upon you.
Something smites you!
You die...

## .# .####
##+####### ....#
#........#
....###........# ##.
......#........#
##....
....#.#........#
#....
....#.#........##o.#
....#.#...)....#@)#
....#.'....%...')##
....###........###
##### ##########


You could see an orc priest.

Vanquished Creatures
  An adder (D:2)
  A giant mite (D:1)
  A worm (D:2)
  An ooze (D:2)
  4 orcs
  3 giant cockroaches
  7 hobgoblins
  5 bats
  4 giant geckos
  4 giant newts
  7 goblins
  4 kobolds
  6 rats
48 creatures vanquished.

Notes
Turn   | Place    | Note
--------------------------------------------------------------
     0 | D:1      | Sachiko, the Naga Transmuter, began the quest for the Orb.
     0 | D:1      | Reached XP level 1. HP: 18/18 MP: 1/1
   338 | D:1      | Reached XP level 2. HP: 19/25 MP: 3/3
   500 | D:1      | Reached skill level 1 in Stealth
   626 | D:1      | Reached XP level 3. HP: 26/31 MP: 2/4
  1114 | D:2      | Reached XP level 4. HP: 3/38 MP: 4/6
  1464 | D:2      | Found a sparkling altar of Nemelex Xobeh.
  1724 | D:3      | Killed from afar by an orc priest

Action                   |  1- 3 |  4- 6 || total
-------------------------+-------+-------++-------
Melee: Unarmed           |   144 |    34 ||   178
 Cast: Beastly Appendage |     5 |     3 ||     8
 Abil: Spit Poison       |     4 |     2 ||     6
  Use: Potion            |     2 |       ||     2
       Scroll            |     1 |     4 ||     5
 Stab: Sleeping          |     3 |       ||     3
